Connexion

BOSTON Bruins vs FLORIDA Panthers

Created - 3 mai 2024 at 05:49

Goals
1 2 3 T
BOSTON Bruins 1 2 0 3
FLORIDA Panthers 1 0 1 2
Shots
1 2 3 T
BOSTON Bruins 8 6 5 19
FLORIDA Panthers 7 4 13 24

GoalsPenalties
1st period
1. FLORIDA Panthers , Mario Ferraro 4 (Mark Scheifele 7, Petr Mrazek) at 9:51 (PP)
2. BOSTON Bruins , Kaapo Kakko 1 (Adam Boqvist 10, Andre Burakovsky 2) at 11:37
Jared Spurgeon (FLO) for Delaying the game (Minor) at 6:58
Ryan Carpenter (BOS) for Roughing (Minor) at 8:37
2nd period
3. BOSTON Bruins , Thomas Novak 1 (Zachary Senyshyn 1, Adam Boqvist 11) at 6:03
4. BOSTON Bruins , Jake DeBrusk 4 (Dmitri Orlov 10, Matt Dumba 11) at 8:13
Noah Hanifin (FLO) for Slashing (Minor) at 18:43
Ryan Carpenter (BOS) for Cross-checking (Minor) at 18:43
3rd period
5. FLORIDA Panthers , Carter Verhaeghe 2 (Mark Scheifele 8, Mario Ferraro 2) at 2:10
Dmitri Orlov (BOS) for Hooking (Minor) at 3:16
Goalie Stats
Jacob Markstrom (BOS), 22 saves from 24 shots - (0,917), W, 8-2-0, 60:00 minutes
Petr Mrazek (FLO), 16 saves from 19 shots - (0,842), L, 5-5-0, 60:00 minutes
3 StarsOfficial
1 - Mario Ferraro (FLO)
2 - Adam Boqvist (BOS)
3 - Kaapo Kakko (BOS)
Referees : Dan O'Halloran and Frederick L'Ecuyer
Linesman : Vaughan Rody and Thor Nelson
Game Note
No Game Note
Finance
Level 1 -- Attendance: 6000 (100,00%) -- Ticket Income $780,000
Level 2 -- Attendance: 6250 (100,00%) -- Ticket Income $406,250
Level 3 -- Attendance: 2000 (100,00%) -- Ticket Income $100,000
Level 4 -- Attendance: 4000 (100,00%) -- Ticket Income $120,000
Luxury Box -- Attendance: 1000 (100,00%) -- Ticket Income $240,000
Game was played at the BankAtlantic Center.
Total Attendance: 19250 (100,00%)
Total Ticket Income: $1,646,250
Other Income: $329,250
Total Income: $1,975,500



Team Name Goals Shots Shots Attemp Shots Blocked PIM HIT PP PK FO%
BOSTON Bruins 31937176140 / 1 (0%)138%
FLORIDA Panthers 2246344151 / 2 (50%)063%

BOSTON Bruins
Player Name POS G A P +/- PIM HIT SHT SB MP PP MP PP SHT PK MP PK SHT FO% FOT
Adam BoqvistD0222000219:391:1500:5600% 0
Alex IafalloC/LW0000001110:230:0000:0000% 0
Andre BurakovskyC/LW/RW0111000019:241:1500:5700% 3
Brandon TanevLW/RW000102005:350:0000:0000% 0
Dmitri OrlovD0110200022:160:0000:0000% 0
Elias PetterssonC0001010118:371:1500:22044% 18
Henri JokiharjuD0000020217:250:2401:1800% 0
Jake DeBruskLW/RW1010003021:460:0001:340100% 1
Jonathan MarchessaultRW0000011020:370:0000:220100% 2
Kaapo KakkoRW1011026117:581:1510:00050% 2
Matt DumbaD0110011123:070:0000:5000% 0
Matt GrzelcykD0000011617:450:2401:3800% 0
Mikael GranlundC/LW0000002122:390:0001:28038% 16
Rasmus AnderssonD0002020119:471:1501:0400% 0
Ryan Carpenter C/RW0000410111:540:2300:3900% 2
Thomas NovakC1011014016:490:2400:24024% 17
Walker DuehrRW000000003:290:2400:00067% 3
Zachary SenyshynRW011100005:350:0000:0000% 0
FLORIDA Panthers
Player Name POS G A P +/- PIM HIT SHT SB MP PP MP PP SHT PK MP PK SHT FO% FOT
Barclay GoodrowLW/RW0000012014:460:0000:0000% 0
Carter VerhaegheC/RW101-2002019:080:5500:0000% 0
Cody EakinC/LW0000012015:240:0000:00067% 15
Ian ColeD0001002120:581:0710:0900% 0
Jacob TroubaD0000011014:080:0000:3200% 0
Jared Spurgeon D000-3210124:041:4600:0000% 0
Justin ScottC/LW/RW0000012017:051:4600:270100% 1
Kiril KaprizovLW000-2012022:421:0701:120100% 1
Mario FerraroD1121032122:391:0711:0700% 0
Mark ScheifeleC022-2012022:421:0701:12063% 24
Michael BuntingLW000000005:390:0000:000100% 2
Mikael BacklundC/LW0000021016:151:4600:27058% 12
Morgan GeekieC000000005:390:0000:00033% 6
Nikita ZadorovD0000010013:320:0000:1800% 0
Nikolay GoldobinLW/RW0000002020:220:1200:000100% 1
Noah HanifinD000-3211124:371:4601:1200% 0
Rickard RakellC/LW/RW0000013016:201:4600:00050% 2
Taro HiroseLW000000000:000:0000:0000% 0



Play-by-Play

1st period


0:01 of 1st period - Mikael Granlund wins face-off versus Mark Scheifele in neutral zone.
0:32 of 1st period - Shot by Carter Verhaeghe.
0:32 of 1st period - Stopped by Jacob Markstrom without a rebound.
0:33 of 1st period - Elias Pettersson wins face-off versus Rickard Rakell in BOSTON Bruins zone.
0:44 of 1st period - Off-side.
0:45 of 1st period - Cody Eakin wins face-off versus Thomas Novak in neutral zone.
1:01 of 1st period - Icing by Justin Scott.
1:02 of 1st period - Cody Eakin wins face-off versus Elias Pettersson in FLORIDA Panthers zone.
1:15 of 1st period - Shot by Barclay Goodrow.
1:15 of 1st period - Stopped by Jacob Markstrom without a rebound.
1:16 of 1st period - Thomas Novak wins face-off versus Mikael Backlund in BOSTON Bruins zone.
1:16 of 1st period - Thomas Novak is hit by Mikael Backlund.
1:21 of 1st period - Icing by Dmitri Orlov.
1:22 of 1st period - Thomas Novak wins face-off versus Morgan Geekie in BOSTON Bruins zone.
1:55 of 1st period - Icing by Jared Spurgeon .
1:56 of 1st period - Mikael Granlund wins face-off versus Morgan Geekie in FLORIDA Panthers zone.
2:08 of 1st period - Jake DeBrusk is hit by Jared Spurgeon and loses puck.
2:37 of 1st period - Shot by Jonathan Marchessault.
2:37 of 1st period - Stopped by Petr Mrazek without a rebound.
2:38 of 1st period - Mark Scheifele wins face-off versus Kaapo Kakko in FLORIDA Panthers zone.
2:57 of 1st period - Shot by Kaapo Kakko.
2:57 of 1st period - Stopped by Petr Mrazek without a rebound.
2:58 of 1st period - Cody Eakin wins face-off versus Thomas Novak in FLORIDA Panthers zone.
2:58 of 1st period - Cody Eakin is hit by Ryan Carpenter .
3:26 of 1st period - Shot by Justin Scott.
3:26 of 1st period - Shot Blocked by Alex Iafallo.
3:29 of 1st period - Cody Eakin is hit by Henri Jokiharju and loses puck.
3:32 of 1st period - Shot by Cody Eakin.
3:32 of 1st period - Shot Misses the Net.
3:59 of 1st period - Icing by Henri Jokiharju.
4:00 of 1st period - Mikael Backlund wins face-off versus Ryan Carpenter in BOSTON Bruins zone.
4:01 of 1st period - Shot by Rickard Rakell.
4:01 of 1st period - Stopped by Jacob Markstrom without a rebound.
4:02 of 1st period - Mikael Backlund wins face-off versus Elias Pettersson in BOSTON Bruins zone.
4:09 of 1st period - Shot by Elias Pettersson.
4:09 of 1st period - Deflect By Kaapo Kakko.
4:09 of 1st period - Stopped by Petr Mrazek without a rebound.
4:10 of 1st period - Mikael Backlund wins face-off versus Mikael Granlund in FLORIDA Panthers zone.
4:10 of 1st period - Mikael Backlund is hit by Jonathan Marchessault.
4:28 of 1st period - Shot by Nikolay Goldobin.
4:28 of 1st period - Shot Misses the Net.
5:38 of 1st period - Shot by Mark Scheifele.
5:38 of 1st period - Shot Misses the Net.
6:22 of 1st period - Shot by Cody Eakin.
6:22 of 1st period - Shot Misses the Net.
6:58 of 1st period - Minor Penalty to Jared Spurgeon for Delaying the game.
6:59 of 1st period - Kaapo Kakko wins face-off versus Mark Scheifele in FLORIDA Panthers zone.
7:18 of 1st period - Shot by Kaapo Kakko.
7:18 of 1st period - Stopped by Petr Mrazek without a rebound.
7:19 of 1st period - Mark Scheifele wins face-off versus Elias Pettersson in FLORIDA Panthers zone.
8:03 of 1st period - Shot by Mark Scheifele.
8:03 of 1st period - Shot Misses the Net.
8:37 of 1st period - Minor Penalty to Ryan Carpenter for Roughing.
8:38 of 1st period - Mark Scheifele wins face-off versus Walker Duehr in BOSTON Bruins zone.
8:50 of 1st period - Icing by Matt Grzelcyk.
8:51 of 1st period - Walker Duehr wins face-off versus Mark Scheifele in BOSTON Bruins zone.
8:51 of 1st period - Walker Duehr is hit by Mark Scheifele.
9:51 of 1st period - Shot by Mario Ferraro.
9:51 of 1st period - Goal by Mario Ferraro - BOSTON Bruins : 0 - FLORIDA Panthers : 1.
9:52 of 1st period - Thomas Novak wins face-off versus Morgan Geekie in neutral zone.
10:02 of 1st period - Off-side.
10:03 of 1st period - Elias Pettersson wins face-off versus Morgan Geekie in neutral zone.
10:10 of 1st period - Shot by Andre Burakovsky.
10:10 of 1st period - Shot Blocked by Mario Ferraro.
10:17 of 1st period - Icing by Mario Ferraro.
10:18 of 1st period - Morgan Geekie wins face-off versus Thomas Novak in FLORIDA Panthers zone.
10:44 of 1st period - Icing by Ryan Carpenter .
10:45 of 1st period - Mark Scheifele wins face-off versus Thomas Novak in BOSTON Bruins zone.
10:50 of 1st period - Shot by Mark Scheifele.
10:50 of 1st period - Shot Misses the Net.
11:10 of 1st period - Shot by Kiril Kaprizov.
11:10 of 1st period - Stopped by Jacob Markstrom without a rebound.
11:11 of 1st period - Cody Eakin wins face-off versus Andre Burakovsky in BOSTON Bruins zone.
11:25 of 1st period - Icing by Elias Pettersson.
11:26 of 1st period - Elias Pettersson wins face-off versus Mark Scheifele in BOSTON Bruins zone.
11:37 of 1st period - Shot by Kaapo Kakko.
11:37 of 1st period - Goal by Kaapo Kakko - BOSTON Bruins : 1 - FLORIDA Panthers : 1.
11:38 of 1st period - Mikael Granlund wins face-off versus Mikael Backlund in neutral zone.
12:05 of 1st period - Shot by Dmitri Orlov.
12:05 of 1st period - Deflect By Mikael Granlund.
12:05 of 1st period - Stopped by Petr Mrazek without a rebound.
12:06 of 1st period - Kiril Kaprizov wins face-off versus Elias Pettersson in FLORIDA Panthers zone.
12:06 of 1st period - Kiril Kaprizov is hit by Elias Pettersson.
12:53 of 1st period - Shot by Mark Scheifele.
12:53 of 1st period - Shot Misses the Net.
13:13 of 1st period - Mikael Granlund is hit by Mikael Backlund.
13:47 of 1st period - Shot by Matt Dumba.
13:47 of 1st period - Shot Misses the Net.
13:49 of 1st period - Shot by Jonathan Marchessault.
13:49 of 1st period - Shot Misses the Net.
13:53 of 1st period - Shot by Matt Dumba.
13:53 of 1st period - Shot Blocked by Ian Cole.
14:06 of 1st period - Brandon Tanev is hit by Mario Ferraro and loses puck.
14:09 of 1st period - Shot by Thomas Novak.
14:09 of 1st period - Shot Misses the Net.
14:11 of 1st period - Shot by Henri Jokiharju.
14:11 of 1st period - Deflect By Thomas Novak.
14:11 of 1st period - Shot Misses the Net.
14:19 of 1st period - Shot by Brandon Tanev.
14:19 of 1st period - Shot Misses the Net.
14:21 of 1st period - Shot by Brandon Tanev.
14:21 of 1st period - Deflect By Thomas Novak.
14:21 of 1st period - Stopped by Petr Mrazek without a rebound.
14:22 of 1st period - Mark Scheifele wins face-off versus Thomas Novak in FLORIDA Panthers zone.
15:00 of 1st period - Carter Verhaeghe is hit by Henri Jokiharju and loses puck.
15:35 of 1st period - Shot by Kaapo Kakko.
15:35 of 1st period - Stopped by Petr Mrazek with a rebound.
15:41 of 1st period - Shot by Kaapo Kakko.
15:41 of 1st period - Shot Misses the Net.
15:46 of 1st period - Kaapo Kakko is hit by Nikita Zadorov and loses puck.
17:56 of 1st period - Brandon Tanev is hit by Mario Ferraro and loses puck.
18:07 of 1st period - Mario Ferraro is hit by Brandon Tanev and loses puck.
18:17 of 1st period - Icing by Mark Scheifele.
18:18 of 1st period - Elias Pettersson wins face-off versus Mark Scheifele in FLORIDA Panthers zone.
18:53 of 1st period - Shot by Noah Hanifin.
18:53 of 1st period - Shot Blocked by Kaapo Kakko.
18:55 of 1st period - Shot by Justin Scott.
18:55 of 1st period - Stopped by Jacob Markstrom with a rebound.
19:11 of 1st period - Shot by Cody Eakin.
19:11 of 1st period - Stopped by Jacob Markstrom with a rebound.
Goals for this period are 1 for BOSTON Bruins vs 1 for FLORIDA Panthers.
Shots for this period are 8 for BOSTON Bruins vs 7 for FLORIDA Panthers.

2nd period


0:01 of 2nd period - Rickard Rakell wins face-off versus Mikael Granlund in neutral zone.
0:19 of 2nd period - Icing by Noah Hanifin.
0:20 of 2nd period - Mikael Backlund wins face-off versus Thomas Novak in FLORIDA Panthers zone.
0:52 of 2nd period - Shot by Mikael Backlund.
0:52 of 2nd period - Shot Blocked by Ryan Carpenter .
1:15 of 2nd period - Off-side.
1:16 of 2nd period - Cody Eakin wins face-off versus Mikael Granlund in neutral zone.
2:22 of 2nd period - Icing by Kaapo Kakko.
2:23 of 2nd period - Elias Pettersson wins face-off versus Mark Scheifele in BOSTON Bruins zone.
2:34 of 2nd period - Kiril Kaprizov is hit by Kaapo Kakko and loses puck.
2:45 of 2nd period - Shot by Mark Scheifele.
2:45 of 2nd period - Shot Blocked by Matt Grzelcyk.
2:47 of 2nd period - Shot by Jared Spurgeon .
2:47 of 2nd period - Shot Blocked by Matt Grzelcyk.
2:51 of 2nd period - Shot by Carter Verhaeghe.
2:51 of 2nd period - Deflect By Mark Scheifele.
2:51 of 2nd period - Shot Blocked by Henri Jokiharju.
2:53 of 2nd period - Shot by Carter Verhaeghe.
2:53 of 2nd period - Shot Misses the Net.
2:55 of 2nd period - Shot by Kiril Kaprizov.
2:55 of 2nd period - Shot Misses the Net.
3:42 of 2nd period - Rickard Rakell is hit by Matt Grzelcyk and loses puck.
3:47 of 2nd period - Shot by Mikael Backlund.
3:47 of 2nd period - Deflect By Rickard Rakell.
3:47 of 2nd period - Shot Misses the Net.
4:39 of 2nd period - Shot by Mikael Granlund.
4:39 of 2nd period - Shot Misses the Net.
5:21 of 2nd period - Icing by Jake DeBrusk.
5:22 of 2nd period - Michael Bunting wins face-off versus Mikael Granlund in BOSTON Bruins zone.
5:47 of 2nd period - Off-side.
5:48 of 2nd period - Mark Scheifele wins face-off versus Thomas Novak in neutral zone.
5:51 of 2nd period - Shot by Kiril Kaprizov.
5:51 of 2nd period - Shot Misses the Net.
6:01 of 2nd period - Shot by Zachary Senyshyn.
6:01 of 2nd period - Shot Blocked by Noah Hanifin.
6:03 of 2nd period - Shot by Thomas Novak.
6:03 of 2nd period - Goal by Thomas Novak - BOSTON Bruins : 2 - FLORIDA Panthers : 1.
6:04 of 2nd period - Cody Eakin wins face-off versus Thomas Novak in neutral zone.
6:06 of 2nd period - Justin Scott is hit by Rasmus Andersson and loses puck.
6:38 of 2nd period - Icing by Justin Scott.
6:39 of 2nd period - Cody Eakin wins face-off versus Elias Pettersson in FLORIDA Panthers zone.
6:41 of 2nd period - Icing by Barclay Goodrow.
6:42 of 2nd period - Cody Eakin wins face-off versus Elias Pettersson in FLORIDA Panthers zone.
7:01 of 2nd period - Shot by Ian Cole.
7:01 of 2nd period - Shot Blocked by Henri Jokiharju.
7:10 of 2nd period - Icing by Henri Jokiharju.
7:11 of 2nd period - Mark Scheifele wins face-off versus Elias Pettersson in BOSTON Bruins zone.
7:42 of 2nd period - Shot by Mikael Granlund.
7:42 of 2nd period - Stopped by Petr Mrazek with a rebound.
7:44 of 2nd period - Shot by Mikael Granlund.
7:44 of 2nd period - Shot Blocked by Jared Spurgeon .
7:46 of 2nd period - Shot by Matt Dumba.
7:46 of 2nd period - Stopped by Petr Mrazek with a rebound.
7:48 of 2nd period - Shot by Jake DeBrusk.
7:48 of 2nd period - Stopped by Petr Mrazek with a rebound.
8:11 of 2nd period - Shot by Dmitri Orlov.
8:11 of 2nd period - Shot Misses the Net.
8:13 of 2nd period - Shot by Jake DeBrusk.
8:13 of 2nd period - Goal by Jake DeBrusk - BOSTON Bruins : 3 - FLORIDA Panthers : 1.
8:14 of 2nd period - Mikael Backlund wins face-off versus Thomas Novak in neutral zone.
8:14 of 2nd period - Nikolay Goldobin is hit by Brandon Tanev and loses puck.
9:23 of 2nd period - Shot by Justin Scott.
9:23 of 2nd period - Shot Blocked by Matt Dumba.
10:43 of 2nd period - Off-side.
10:44 of 2nd period - Nikolay Goldobin wins face-off versus Thomas Novak in neutral zone.
10:58 of 2nd period - Rasmus Andersson is hit by Jacob Trouba and loses puck.
11:30 of 2nd period - Adam Boqvist is hit by Rickard Rakell and loses puck.
11:56 of 2nd period - Icing by Matt Dumba.
11:57 of 2nd period - Mark Scheifele wins face-off versus Mikael Granlund in BOSTON Bruins zone.
12:42 of 2nd period - Shot by Mark Scheifele.
12:42 of 2nd period - Stopped by Jacob Markstrom without a rebound.
12:43 of 2nd period - Cody Eakin wins face-off versus Elias Pettersson in BOSTON Bruins zone.
12:56 of 2nd period - Shot by Ian Cole.
12:56 of 2nd period - Shot Blocked by Matt Grzelcyk.
12:58 of 2nd period - Shot by Cody Eakin.
12:58 of 2nd period - Shot Blocked by Matt Grzelcyk.
13:02 of 2nd period - Shot by Justin Scott.
13:02 of 2nd period - Stopped by Jacob Markstrom without a rebound.
13:03 of 2nd period - Michael Bunting wins face-off versus Thomas Novak in BOSTON Bruins zone.
13:20 of 2nd period - Shot by Thomas Novak.
13:20 of 2nd period - Deflect By Alex Iafallo.
13:20 of 2nd period - Stopped by Petr Mrazek without a rebound.
13:21 of 2nd period - Elias Pettersson wins face-off versus Mark Scheifele in FLORIDA Panthers zone.
13:42 of 2nd period - Shot by Carter Verhaeghe.
13:42 of 2nd period - Shot Misses the Net.
13:44 of 2nd period - Shot by Noah Hanifin.
13:44 of 2nd period - Stopped by Jacob Markstrom without a rebound.
13:45 of 2nd period - Mikael Granlund wins face-off versus Cody Eakin in BOSTON Bruins zone.
13:52 of 2nd period - Shot by Jake DeBrusk.
13:52 of 2nd period - Shot Misses the Net.
14:12 of 2nd period - Shot by Mikael Granlund.
14:12 of 2nd period - Shot Misses the Net.
14:37 of 2nd period - Icing by Jake DeBrusk.
14:38 of 2nd period - Jonathan Marchessault wins face-off versus Mikael Backlund in BOSTON Bruins zone.
14:54 of 2nd period - Icing by Jared Spurgeon .
14:55 of 2nd period - Thomas Novak wins face-off versus Mikael Backlund in FLORIDA Panthers zone.
15:25 of 2nd period - Shot by Rickard Rakell.
15:25 of 2nd period - Shot Misses the Net.
15:29 of 2nd period - Shot by Nikolay Goldobin.
15:29 of 2nd period - Shot Misses the Net.
16:11 of 2nd period - Shot by Carter Verhaeghe.
16:11 of 2nd period - Deflect By Kiril Kaprizov.
16:11 of 2nd period - Shot Misses the Net.
16:21 of 2nd period - Shot by Kaapo Kakko.
16:21 of 2nd period - Shot Misses the Net.
17:45 of 2nd period - Shot by Mikael Granlund.
17:45 of 2nd period - Shot Misses the Net.
18:43 of 2nd period - Minor Penalty to Noah Hanifin for Slashing.
18:43 of 2nd period - Minor Penalty to Ryan Carpenter for Cross-checking.
18:44 of 2nd period - Mark Scheifele wins face-off versus Mikael Granlund in FLORIDA Panthers zone.
18:53 of 2nd period - Shot by Kiril Kaprizov.
18:53 of 2nd period - Shot Blocked by Mikael Granlund.
18:58 of 2nd period - Icing by Matt Dumba.
18:59 of 2nd period - Mark Scheifele wins face-off versus Mikael Granlund in BOSTON Bruins zone.
19:10 of 2nd period - Shot by Mario Ferraro.
19:10 of 2nd period - Stopped by Jacob Markstrom with a rebound.
Goals for this period are 2 for BOSTON Bruins vs 0 for FLORIDA Panthers.
Shots for this period are 6 for BOSTON Bruins vs 4 for FLORIDA Panthers.

3rd period


0:01 of 3rd period - Mikael Granlund wins face-off versus Mark Scheifele in neutral zone.
0:48 of 3rd period - Shot by Nikolay Goldobin.
0:48 of 3rd period - Shot Blocked by Rasmus Andersson.
0:50 of 3rd period - Shot by Mikael Backlund.
0:50 of 3rd period - Stopped by Jacob Markstrom with a rebound.
0:52 of 3rd period - Shot by Rickard Rakell.
0:52 of 3rd period - Stopped by Jacob Markstrom without a rebound.
0:53 of 3rd period - Elias Pettersson wins face-off versus Mikael Backlund in BOSTON Bruins zone.
1:14 of 3rd period - Shot by Nikolay Goldobin.
1:14 of 3rd period - Shot Misses the Net.
1:16 of 3rd period - Shot by Nikolay Goldobin.
1:16 of 3rd period - Shot Blocked by Adam Boqvist.
1:18 of 3rd period - Shot by Rickard Rakell.
1:18 of 3rd period - Stopped by Jacob Markstrom with a rebound.
1:20 of 3rd period - Shot by Nikolay Goldobin.
1:20 of 3rd period - Stopped by Jacob Markstrom without a rebound.
1:21 of 3rd period - Justin Scott wins face-off versus Ryan Carpenter in BOSTON Bruins zone.
1:50 of 3rd period - Shot by Thomas Novak.
1:50 of 3rd period - Stopped by Petr Mrazek without a rebound.
1:51 of 3rd period - Mark Scheifele wins face-off versus Mikael Granlund in FLORIDA Panthers zone.
2:04 of 3rd period - Shot by Kiril Kaprizov.
2:04 of 3rd period - Stopped by Jacob Markstrom with a rebound.
2:10 of 3rd period - Shot by Mark Scheifele.
2:10 of 3rd period - Deflect By Carter Verhaeghe.
2:10 of 3rd period - Goal by Carter Verhaeghe - BOSTON Bruins : 3 - FLORIDA Panthers : 2.
2:11 of 3rd period - Mikael Backlund wins face-off versus Andre Burakovsky in neutral zone.
3:16 of 3rd period - Minor Penalty to Dmitri Orlov for Hooking.
3:17 of 3rd period - Mark Scheifele wins face-off versus Mikael Granlund in BOSTON Bruins zone.
3:18 of 3rd period - Shot by Ian Cole.
3:18 of 3rd period - Stopped by Jacob Markstrom with a rebound.
4:33 of 3rd period - Matt Dumba is hit by Justin Scott and loses puck.
5:34 of 3rd period - Shot by Nikolay Goldobin.
5:34 of 3rd period - Shot Misses the Net.
5:49 of 3rd period - Icing by Matt Dumba.
5:50 of 3rd period - Mark Scheifele wins face-off versus Thomas Novak in BOSTON Bruins zone.
6:13 of 3rd period - Shot by Carter Verhaeghe.
6:13 of 3rd period - Shot Blocked by Matt Grzelcyk.
6:25 of 3rd period - Shot by Jonathan Marchessault.
6:25 of 3rd period - Shot Misses the Net.
6:27 of 3rd period - Shot by Jake DeBrusk.
6:27 of 3rd period - Stopped by Petr Mrazek with a rebound.
6:29 of 3rd period - Shot by Matt Grzelcyk.
6:29 of 3rd period - Stopped by Petr Mrazek without a rebound.
6:30 of 3rd period - Morgan Geekie wins face-off versus Elias Pettersson in FLORIDA Panthers zone.
6:59 of 3rd period - Shot by Nikolay Goldobin.
6:59 of 3rd period - Shot Blocked by Adam Boqvist.
7:35 of 3rd period - Shot by Mikael Granlund.
7:35 of 3rd period - Shot Misses the Net.
7:51 of 3rd period - Shot by Justin Scott.
7:51 of 3rd period - Deflect By Cody Eakin.
7:51 of 3rd period - Shot Misses the Net.
7:53 of 3rd period - Shot by Noah Hanifin.
7:53 of 3rd period - Shot Blocked by Matt Grzelcyk.
8:24 of 3rd period - Carter Verhaeghe is hit by Matt Dumba and loses puck.
8:31 of 3rd period - Shot by Kiril Kaprizov.
8:31 of 3rd period - Shot Misses the Net.
8:58 of 3rd period - Ian Cole is hit by Thomas Novak and loses puck.
9:38 of 3rd period - Rickard Rakell is hit by Rasmus Andersson and loses puck.
9:45 of 3rd period - Shot by Nikolay Goldobin.
9:45 of 3rd period - Shot Misses the Net.
9:47 of 3rd period - Shot by Nikolay Goldobin.
9:47 of 3rd period - Stopped by Jacob Markstrom without a rebound.
9:48 of 3rd period - Jake DeBrusk wins face-off versus Cody Eakin in BOSTON Bruins zone.
10:09 of 3rd period - Mikael Granlund is hit by Barclay Goodrow and loses puck.
10:30 of 3rd period - Icing by Noah Hanifin.
10:31 of 3rd period - Elias Pettersson wins face-off versus Cody Eakin in FLORIDA Panthers zone.
10:31 of 3rd period - Adam Boqvist is hit by Noah Hanifin and loses puck.
11:10 of 3rd period - Icing by Ian Cole.
11:11 of 3rd period - Mark Scheifele wins face-off versus Thomas Novak in FLORIDA Panthers zone.
11:22 of 3rd period - Shot by Mark Scheifele.
11:22 of 3rd period - Stopped by Jacob Markstrom with a rebound.
11:24 of 3rd period - Shot by Ian Cole.
11:24 of 3rd period - Stopped by Jacob Markstrom without a rebound.
11:25 of 3rd period - Mikael Backlund wins face-off versus Mikael Granlund in BOSTON Bruins zone.
11:26 of 3rd period - Shot by Jacob Trouba.
11:26 of 3rd period - Shot Misses the Net.
11:28 of 3rd period - Shot by Jacob Trouba.
11:28 of 3rd period - Stopped by Jacob Markstrom without a rebound.
11:29 of 3rd period - Mikael Granlund wins face-off versus Mark Scheifele in BOSTON Bruins zone.
12:15 of 3rd period - Dmitri Orlov is hit by Kiril Kaprizov.
13:56 of 3rd period - Shot by Cody Eakin.
13:56 of 3rd period - Stopped by Jacob Markstrom without a rebound.
13:57 of 3rd period - Mark Scheifele wins face-off versus Elias Pettersson in BOSTON Bruins zone.
14:14 of 3rd period - Ian Cole is hit by Kaapo Kakko and loses puck.
14:31 of 3rd period - Shot by Elias Pettersson.
14:31 of 3rd period - Deflect By Kaapo Kakko.
14:31 of 3rd period - Stopped by Petr Mrazek with a rebound.
15:00 of 3rd period - Zachary Senyshyn is hit by Mario Ferraro and loses puck.
15:03 of 3rd period - Shot by Thomas Novak.
15:03 of 3rd period - Stopped by Petr Mrazek with a rebound.
16:51 of 3rd period - Shot by Barclay Goodrow.
16:51 of 3rd period - Stopped by Jacob Markstrom without a rebound.
16:52 of 3rd period - Cody Eakin wins face-off versus Andre Burakovsky in BOSTON Bruins zone.
17:01 of 3rd period - Shot by Justin Scott.
17:01 of 3rd period - Shot Blocked by Elias Pettersson.
17:57 of 3rd period - Shot by Noah Hanifin.
17:57 of 3rd period - Shot Misses the Net.
19:21 of 3rd period - Icing by Walker Duehr.
19:22 of 3rd period - Walker Duehr wins face-off versus Cody Eakin in BOSTON Bruins zone.
19:22 of 3rd period - Walker Duehr is hit by Cody Eakin.
19:30 of 3rd period - Icing by Cody Eakin.
19:31 of 3rd period - Jonathan Marchessault wins face-off versus Cody Eakin in FLORIDA Panthers zone.
Goals for this period are 0 for BOSTON Bruins vs 1 for FLORIDA Panthers.
Shots for this period are 5 for BOSTON Bruins vs 13 for FLORIDA Panthers.